 Dungeon Sprint DCSS version 0.30.1-11-g7821555f0a (webtiles) character file.

Game seed: 1565392916642740216

61292 Groucho the Imperceptible (level 14, -3/83 HPs)
             Began as a Spriggan Fighter on Jan 4, 2024.
             Was a Follower of Uskayaw.
             Slain by an ironbound frostheart (23 damage)
             ... in the Dungeon (Sprint IX: "|||||||||||||||||||||||||||||").
             The game lasted 00:19:17 (9030 turns).

Groucho the Imperceptible (Spriggan Fighter)        Turns: 9030, Time: 00:19:18

Health: -3/83      AC: 10    Str: 12    XL:     14   Next: 60%
Magic:  28/28      EV: 35    Int: 10    God:    Uskayaw [*.....]
Gold:   42         SH:  8    Dex: 22    Spells: 13/13 levels left

rFire   . . .        n - +2 rapier (distort)
rCold   . . .        c - +0 buckler
rNeg    . . .        D - +0 swamp dragon scales
rPois   +            (helmet restricted)
rElec   .            (no cloak)
rCorr   .            (gloves unavailable)
SInv    +            (boots unavailable)
Will    ++...        w - amulet of the acrobat
Stlth   ++++++++     o - +3 ring of dexterity
HPRegen 0.33/turn    v - +5 ring of evasion
MPRegen 0.21/turn

%: no teleportation, acrobat
@: very quick
A: very small, no large weapons, unfitting armour, see invisible, speed 3
a: Renounce Religion, Stomp


You were in the Dungeon.
You worshipped Uskayaw.
Uskayaw was most pleased with you.
You visited 1 branch You collected 1950 gold pieces.
You spent 1908 gold pieces at shops.

Inventory:

Hand Weapons
 a - a +0 rapier
 f - a +3 short sword of freezing
 n - a +2 rapier of distortion (weapon)
Armour
 b - the scarf "Lojobruj" {shadows, Dex+2}
   (You bought it in a shop in the Dungeon)

   Dex:       It affects your dexterity (+2).
 c - a +0 buckler (worn)
 t - a +2 robe of cold resistance
 D - +0 swamp dragon scales (worn)
Jewellery
 o - a +3 ring of dexterity (left hand)
 p - a +3 ring of intelligence
 v - a +5 ring of evasion (right hand)
 w - an amulet of the acrobat (around neck)
 z - a ring of protection from cold
 A - a ring of protection from cold
 B - a ring of poison resistance
 C - a ring of protection from fire
Wands
 i - a wand of paralysis (5)
 m - a wand of quicksilver (16)
Scrolls
 j - 2 scrolls of blinking
 l - 2 scrolls of amnesia
 q - 8 scrolls of enchant weapon
 r - 6 scrolls of fog
 s - a scroll of fear
 x - a scroll of magic mapping {unknown}
 y - a scroll of torment {unknown}
Potions
 d - 2 potions of might
 e - 8 potions of curing
 g - 3 potions of haste
 h - 4 potions of magic
Miscellaneous
 u - a phantom mirror


   Skills:
 * Level 13.9 Fighting
 + Level 16.5 Short Blades
 * Level 11.8 Armour
 + Level 17.6 Dodging
 + Level 22.8 Stealth
 - Level 10.0 Shields
 * Level 19.1 Invocations
 + Level 19.3 Evocations


You had 13 spell levels left.
You didn't know any spells.
Your spell library was empty.

Dungeon Overview and Level Annotations

Branches:
Dungeon (1/1)

Altars:
Cheibriados
Dithmenos
Elyvilon
Fedhas
Gozag
Hepliaklqana
Kikubaaqudgha
Makhleb
Nemelex Xobeh
Okawaru
Qazlal
Ru
Sif Muna
Trog
Uskayaw
Vehumet
Wu Jian
Xom
Yredelemnul
Zin
The Shining One
Jiyva
Lugonu

Shops:
D =:[*


Innate Abilities, Weirdness & Mutations

You are very small and have problems with some larger weapons.
You are too small for most types of armour.
You have supernaturally acute eyesight. (SInv)
You cover ground extremely quickly. (Speed+++)


Message History

Things that are here:
a +0 flail; a +0 leather armour; an entropy weaver corpse A dire elephant comes into view.
You can no longer pass through a line of other dancers.
There is an open door to the Vaults here.
Things that are here:
a +0 war axe; a +0 arbalest; a +0 scale mail of willpower An ironbound frostheart comes into view.
The ironbound frostheart moves out of view.
The ironbound frostheart shouts!
The dire elephant trumpets!
You puncture the dire elephant!
Space warps around the dire elephant.
The dire elephant is lightly wounded.
The dire elephant tramples you.
You stumble backwards!
You hit the dire elephant but do no damage.
Space warps horribly around the dire elephant!!
The dire elephant is moderately wounded.
You hit the dire elephant but do no damage.
The dire elephant is devoured by a tear in reality.
No target in view!
No target in view!
The ironbound frostheart calls freezing cold from the walls.
The frost grips you!!!
Ouch! That really hurt!
You are encased in ice.
The ironbound frostheart calls freezing cold from the walls.
The frost grips you!!
* * * LOW HITPOINT WARNING * * *
You hit the ironbound frostheart.
Space warps around the ironbound frostheart.
The ironbound frostheart is lightly wounded.
The ice encasing you melts away. The ironbound frostheart misses you.
You are too injured to fight recklessly!
You are too injured to fight recklessly!
You are too injured to fight recklessly!
You are too injured to fight recklessly!
You feel better. The ironbound frostheart touches you.
* * * LOW HITPOINT WARNING * * *
The ironbound frostheart freezes you!!
You die...

.....'.......[..))(..)...........
▓▓▓▓▓▓▓▓▓▓▓▓▓▓▓▓▓▓▓▓▓▓▓▓▓▓▓▓▓▓▓▓▓
.................................
▓▓▓▓▓▓▓▓▓♣♣♣♣♣♣♣♣♣♣▓▓▓▓▓▓▓▓▓▓▓▓▓▓
........'.........'....)))..'.)..
▓▓▓▓▓▓▓▓▓♣♣♣♣♣♣♣♣♣♣▓▓▓▓▓▓▓▓▓▓▓▓▓▓
.................................
▓▓▓▓▓▓▓▓▓▓▓▓▓▓▓▓▓▓▓▓▓▓▓▓▓▓▓▓▓▓▓▓▓
......p@..§......)'....)
▓▓▓▓▓▓▓▓▓▓▓▓▓▓▓▓▓▓▓▓▓▓▓▓


You could see an ironbound frostheart.

Vanquished Creatures
  Frances (D)
  A sphinx (D)
  A shadow dragon (D)
  A nagaraja (D)
  A fire giant (D)
  2 frost giants (D)
  An orc warlord (D)
  An ironbound preserver (D)
  An ironbound thunderhulk (D)
  2 stone giants (D)
  A dire elephant (D)
  An eleionoma (D)
  A bunyip (D)
  2 ettins (D)
  2 entropy weavers (D)
  4 fire dragons (D)
  5 ice dragons (D)
  A yaktaur captain (D)
  A rakshasa (D)
  4 hydras (D)
  4 centaur warriors (D)
  An alligator snapping turtle (D)
  An anaconda (D)
  A boulder beetle (D)
  2 merfolk aquamancers (D)
  2 alligators (D)
  2 tengu warriors (D)
  A vampire mage (D)
  Urug (D)
  A shock serpent (D)
  A hell knight (D)
  2 salamander mystics (D)
  A goliath frog (D)
  A steelbarb worm (D)
  A glowing orange brain (D)
  An ironbound convoker (D)
  A lindwurm (D)
  3 wizards (D)
  A wolf spider (D)
  An orc knight (D)
  An ugly thing (D)
  3 mana vipers (D)
  A cyclops (D)
  7 orc sorcerers (D)
  A faun (shapeshifter) (D)
  2 manticores (D)
  3 vault sentinels (D)
  A demonic crawler (D)
  A torpor snail (D)
  2 black mambas (D)
  A gargoyle (D)
  5 cane toads (D)
  A tengu conjurer (D)
  A guardian mummy (D)
  A polar bear (D)
  3 tyrant leeches (D)
  A tarantella (D)
  2 merfolk (D)
  A slime creature (D)
  2 snapping turtles (D)
  A jumping spider (D)
  2 spriggans (D)
  A water elemental (D)
  A yak (D)
  A basilisk (D)
  A redback (D)
  4 water moccasins (D)
  A black bear (D)
  13 orc warriors (D)
  2 wolves (D)
  A boggart (D)
  2 centaurs (D)
  A kobold brigand (D)
  3 bullfrogs (D)
  A scorpion (D)
  3 orc priests (D)
  An iguana (D)
  10 orc wizards (D)
  An adder (D)
  3 worms (D)
  6 orcs (D)
  2 ball pythons (D)
  A giant cockroach (D)
  A ball python simulacrum (D)
  A bat (D)
  A kobold (D)
168 creatures vanquished.

Vanquished Creatures (others)
  An unseen horror (D)
1 creature vanquished.

Grand Total: 169 creatures vanquished

Notes
Turn   | Place    | Note
-------+----------+-------------------------------------------
     0 | D        | Groucho the Spriggan Fighter began the quest for the Orb.
     0 | D        | Reached XP level 1. HP: 11/11 MP: 2/2
     8 | D        | Reached skill level 1 in Stealth
    12 | D        | Reached skill level 1 in Invocations
    15 | D        | Reached skill level 2 in Stealth
   446 | D        | Noticed an iguana
   446 | D        | Noticed a centaur
   446 | D        | Noticed a scorpion
   446 | D        | Noticed an orc priest
   452 | D        | Killed an orc priest
   453 | D        | Reached skill level 4 in Stealth
   453 | D        | Reached XP level 2. HP: 16/16 MP: 2/4
   453 | D        | Reached XP level 3. HP: 20/20 MP: 2/5
   458 | D        | Killed a scorpion
   459 | D        | Reached skill level 5 in Stealth
   459 | D        | Reached XP level 4. HP: 22/25 MP: 2/7
   463 | D        | Killed a centaur
   464 | D        | Reached skill level 5 in Short Blades
   464 | D        | Reached skill level 7 in Stealth
   464 | D        | Reached XP level 5. HP: 18/30 MP: 2/9
   469 | D        | Reached skill level 5 in Invocations
   859 | D        | Found a snail-covered altar of Cheibriados.
   859 | D        | Found a shadowy altar of Dithmenos.
   859 | D        | Found a white marble altar of Elyvilon.
   859 | D        | Found a blossoming altar of Fedhas.
   859 | D        | Found an opulent altar of Gozag.
   860 | D        | Found a hazy altar of Hepliaklqana.
   861 | D        | Found a viscous altar of Jiyva.
   862 | D        | Found an ancient bone altar of Kikubaaqudgha.
   863 | D        | Found a corrupted altar of Lugonu.
   864 | D        | Found a burning altar of Makhleb.
   865 | D        | Found a sparkling altar of Nemelex Xobeh.
   866 | D        | Found an iron altar of Okawaru.
   867 | D        | Found a stormy altar of Qazlal.
   868 | D        | Found a sacrificial altar of Ru.
   869 | D        | Found a shimmering blue altar of Sif Muna.
   870 | D        | Found a bloodstained altar of Trog.
   871 | D        | Found a hide-covered altar of Uskayaw.
   872 | D        | Found a radiant altar of Vehumet.
   873 | D        | Found an ornate altar of the Wu Jian Council.
   874 | D        | Found a shimmering altar of Xom.
   875 | D        | Found a basalt altar of Yredelemnul.
   876 | D        | Found a glowing silver altar of Zin.
   877 | D        | Found a glowing golden altar of the Shining One.
   879 | D        | Became a worshipper of Uskayaw the Reveller
  1006 | D        | Noticed an orc warrior
  1006 | D        | Noticed a centaur
  1006 | D        | Noticed an unseen horror
  1006 | D        | Noticed a yak
  1009 | D        | Killed a yak
  1009 | D        | Reached * piety under Uskayaw
  1010 | D        | Reached skill level 5 in Fighting
  1010 | D        | Reached skill level 9 in Stealth
  1010 | D        | Reached skill level 5 in Shields
  1010 | D        | Reached XP level 6. HP: 35/35 MP: 9/11
  1014 | D        | Reached ** piety under Uskayaw
  1017 | D        | Killed an unseen horror
  1017 | D        | Reached *** piety under Uskayaw
  1018 | D        | Reached skill level 5 in Dodging
  1018 | D        | Reached skill level 10 in Stealth
  1018 | D        | Reached XP level 7. HP: 27/39 MP: 9/13
  1019 | D        | Reached **** piety under Uskayaw
  1024 | D        | Reached skill level 11 in Stealth
  1026 | D        | Reached ***** piety under Uskayaw
  1029 | D        | Noticed a basilisk
  1029 | D        | Noticed a gargoyle
  1029 | D        | Noticed a four-headed hydra
  1029 | D        | Noticed a cyclops
  1029 | D        | Noticed a slime creature
  1029 | D        | Noticed a four-headed hydra
  1031 | D        | Killed a four-headed hydra
  1032 | D        | Reached skill level 12 in Stealth
  1032 | D        | Reached XP level 8. HP: 35/45 MP: 11/15
  1033 | D        | Killed a gargoyle
  1034 | D        | Reached skill level 10 in Short Blades
  1034 | D        | Reached skill level 13 in Stealth
  1035 | D        | Killed a slime creature
  1038 | D        | Killed a cyclops
  1038 | D        | Reached ****** piety under Uskayaw
  1039 | D        | Reached skill level 14 in Stealth
  1039 | D        | Reached XP level 9. HP: 37/49 MP: 11/17
  1043 | D        | Killed a four-headed hydra
  1044 | D        | Reached skill level 15 in Stealth
  1044 | D        | Reached skill level 10 in Invocations
  1210 | D        | Noticed a cane toad
  1213 | D        | Reached skill level 1 in Evocations
  1213 | D        | Noticed a cane toad
  1238 | D        | Killed a cane toad
  1240 | D        | Killed a cane toad
  1241 | D        | Reached XP level 10. HP: 55/55 MP: 10/19
  1605 | D        | Noticed a cane toad
  1605 | D        | Noticed a black mamba
  1605 | D        | Noticed a cane toad
  1606 | D        | Noticed a five-headed hydra
  1608 | D        | Noticed a cane toad
  1610 | D        | Reached skill level 5 in Evocations
  1614 | D        | Killed a cane toad
  1616 | D        | Reached skill level 10 in Dodging
  1616 | D        | Killed a cane toad
  1616 | D        | Killed a black mamba
  1617 | D        | Reached skill level 16 in Stealth
  1617 | D        | Killed a cane toad
  1626 | D        | Killed a five-headed hydra
  2103 | D        | Noticed a lindwurm
  2120 | D        | Killed a lindwurm
  2882 | D        | Reached XP level 11. HP: 60/60 MP: 21/21
  2964 | D        | Noticed an orc sorcerer
  2964 | D        | Noticed an orc knight
  2978 | D        | Killed an orc sorcerer
  2979 | D        | Reached skill level 17 in Stealth
  2988 | D        | Reached skill level 10 in Evocations
  2992 | D        | Killed an orc knight
  3355 | D        | Found Qurol's Assorted Antiques.
  3355 | D        | Noticed an orc sorcerer
  3355 | D        | Noticed an orc sorcerer
  3355 | D        | Noticed an orc sorcerer
  3358 | D        | Found Awihal's Antique Armour Shop.
  3359 | D        | Banished an orc sorcerer
  3360 | D        | Reached skill level 1 in Armour
  3365 | D        | Killed an orc sorcerer
  3366 | D        | Found Dikoy's Book Boutique.
  3368 | D        | Noticed an orc sorcerer
  3380 | D        | Killed an orc sorcerer
  3394 | D        | Killed an orc sorcerer
  3395 | D        | Found Finuharo's Jewellery Shop.
  3398 | D        | Noticed an orc sorcerer
  3839 | D        | Noticed an orc sorcerer
  3840 | D        | Noticed an orc sorcerer
  3852 | D        | Killed an orc sorcerer
  3855 | D        | Killed an orc sorcerer
  3858 | D        | Killed an orc sorcerer
  3913 | D        | Bought a blackened scarf for 240 gold pieces
  3913 | D        | Identified the scarf "Lojobruj" {shadows, Dex+2} (You
                  | bought it in a shop in the Dungeon)
  3913 | D        | Bought a phantom mirror for 960 gold pieces
  3919 | D        | Bought a +5 ring of evasion for 360 gold pieces
  3919 | D        | Bought an amulet of the acrobat for 300 gold pieces
  3932 | D        | Bought a scroll labelled AWUNKUFIUTZ for 24 gold pieces
  3932 | D        | Bought a scroll labelled OJAH AZIFO for 24 gold pieces
  3990 | D        | Noticed Urug
  4010 | D        | Killed Urug
  4209 | D        | Noticed a centaur warrior
  4209 | D        | Noticed a red ugly thing
  4209 | D        | Noticed a boulder beetle
  4209 | D        | Noticed a centaur warrior
  4210 | D        | Noticed a wolf spider
  4216 | D        | Noticed a centaur warrior
  4221 | D        | Noticed a fire dragon
  4221 | D        | Killed a red ugly thing
  4223 | D        | Noticed a stone giant
  4224 | D        | Reached skill level 18 in Stealth
  4225 | D        | Killed a centaur warrior
  4226 | D        | Noticed a tengu warrior
  4227 | D        | Noticed an ettin
  4227 | D        | Noticed an ice dragon
  4227 | D        | Noticed a hell knight
  4227 | D        | Killed a fire dragon
  4229 | D        | Killed a centaur warrior
  4230 | D        | Reached XP level 12. HP: 35/67 MP: 18/23
  4238 | D        | Killed a centaur warrior
  4239 | D        | Killed a stone giant
  4240 | D        | Reached skill level 5 in Armour
  4240 | D        | Killed a boulder beetle
  4241 | D        | Reached skill level 10 in Shields
  4245 | D        | Noticed an ice dragon
  4247 | D        | Killed an ettin
  4249 | D        | Killed an ice dragon
  4252 | D        | Killed a tengu warrior
  4259 | D        | Killed an ice dragon
  4260 | D        | Reached skill level 19 in Stealth
  4718 | D        | Noticed Frances
  4725 | D        | Killed Frances
  4726 | D        | Reached skill level 10 in Fighting
  4726 | D        | Reached skill level 15 in Invocations
  4757 | D        | Reached skill level 15 in Evocations
  4757 | D        | Noticed an entropy weaver
  4774 | D        | Killed an entropy weaver
  5320 | D        | Noticed a merfolk aquamancer
  5322 | D        | Noticed an alligator snapping turtle
  5327 | D        | Killed a merfolk aquamancer
  5333 | D        | Killed an alligator snapping turtle
  5334 | D        | Reached XP level 13. HP: 72/72 MP: 20/25
  5339 | D        | Noticed a nagaraja
  5341 | D        | Reached skill level 20 in Stealth
  5360 | D        | Killed a nagaraja
  5361 | D        | Reached skill level 15 in Dodging
  6176 | D        | Noticed a bunyip
  6176 | D        | Noticed an eleionoma
  6178 | D        | Killed an eleionoma
  6302 | D        | Killed a bunyip
  6501 | D        | Noticed an eleionoma
  6512 | D        | Banished an eleionoma
  6513 | D        | Reached skill level 15 in Short Blades
  7377 | D        | Noticed Nergalle
  7391 | D        | Banished Nergalle
  7461 | D        | Noticed a fire dragon
  7461 | D        | Noticed an ettin
  7463 | D        | Killed an ettin
  7464 | D        | Reached skill level 21 in Stealth
  7464 | D        | Noticed a fire dragon
  7475 | D        | Noticed a frost giant
  7478 | D        | Killed a fire dragon
  7479 | D        | Noticed a shadow dragon
  7480 | D        | Noticed a frost giant
  7481 | D        | Killed a fire dragon
  7484 | D        | Noticed a fire dragon
  7484 | D        | Noticed a fire giant
  7484 | D        | Noticed a stone giant
  7488 | D        | Killed a frost giant
  7489 | D        | Reached skill level 10 in Armour
  7490 | D        | Killed a shadow dragon
  7493 | D        | Killed a frost giant
  7500 | D        | Killed a stone giant
  7501 | D        | Reached XP level 14. HP: 40/81 MP: 9/27
  7507 | D        | Killed a fire giant
  8305 | D        | Noticed an orc warlord
  8306 | D        | Noticed an ironbound thunderhulk
  8308 | D        | Reached skill level 22 in Stealth
  8524 | D        | Killed an orc warlord
  8549 | D        | Killed an ironbound thunderhulk
  8635 | D        | Noticed a sphinx
  8640 | D        | Killed a sphinx
  8815 | D        | Noticed an ironbound preserver
  8834 | D        | Killed an ironbound preserver
  9030 | D        | Slain by an ironbound frostheart

Illustrated notes

Levels and vault maps discovered:
D:        linesprint [early_d, line_temple, items_1, d_10, items_2, lair_1,
          lair_end, items_3, orc_1, orc_end, items_4, d_15, swamp_1, shoals_1,
          snake_1, spider_1, d_20, vaults_1, items_5, swamp_end, shoals_end,
          snake_end, spider_end, vaults_end, d_27, items_6, zot_1, zot_end,
          crypt_end, forest_end, elf_end, slime_end, tomb_end, abyss_end,
          pan_hell_end]

Skill      XL: |  1  2  3  4  5  6  7  8  9 10 11 12 13 14 |
---------------+-------------------------------------------+-----
Stealth        | 4 5 7 9 10 12 14 15 16 18 19 21 22 | 22.8
Invocations    | 2 3 4 5 6 8 9 10 12 14 15 17 19 | 19.1
Fighting       | 3 4 5 6 7 8 9 10 12 13 | 13.9
Short Blades   | 3 4 5 7 9 10 11 13 14 15 16 | 16.5
Shields        | 3 4 5 6 7 8 9 10 | 10.0
Dodging        | 5 7 8 9 11 12 14 16 17 | 17.6
Evocations     | 4 9 12 16 18 19 | 19.3
Armour         | 4 7 10 11 | 11.8

Action                     |  1- 3 |  4- 6 |  7- 9 | 10-12 | 13-15 || total
---------------------------+-------+-------+-------+-------+-------++-------
  Melee: Rapier            |    10 |     7 |    32 |   175 |   209 ||   433
         Short sword       |    10 |     8 |       |       |       ||    18
 Invoke: Line Pass         |       |       |     2 |    26 |    21 ||    49
         Grand Finale      |       |       |       |       |     1 ||     1
    Use: Potion            |     2 |     1 |       |     6 |     2 ||    11
   Stab: Sleeping          |       |     1 |     2 |    10 |     3 ||    16
         Invisible         |       |       |     4 |       |       ||     4
         Paralysed         |       |       |     3 |    18 |    12 ||    33
         Confused          |       |       |     1 |    27 |    24 ||    52
         Distracted        |       |       |       |       |     4 ||     4
 Armour: Robe              |     2 |       |       |     2 |       ||     4
         Swamp dragon scal |       |       |       |     3 |    12 ||    15
  Dodge: Dodged            |    10 |    12 |    25 |   108 |   122 ||   277
  Block: Buckler           |     1 |     3 |     3 |    28 |    38 ||    73
